 Dungeon Crawl Stone Soup version 0.30.0-20-g3615ddf2f0 (webtiles) character file.

Game seed: 4944887423572800554

39 qw the Chopper (level 3, -3/23 HPs)
             Began as a Gargoyle Fighter on May 29, 2023.
             Slain by a cerulean imp
             ... wielding a +0 spear
             ... summoned by Natasha
              (4 damage)
             ... on level 2 of the Dungeon.
             The game lasted 00:00:19 (742 turns).

qw the Chopper (Gargoyle Fighter)                    Turns: 742, Time: 00:00:19

Health: -3/23      AC: 10    Str: 21    XL:     3   Next: 45%
Magic:  3/3        EV:  9    Int:  8    God:
Gold:   41         SH:  4    Dex:  9    Spells: 2/2 levels left

rFire   . . .        Y - +0 war axe
rCold   . . .        c - +0 buckler
rNeg    + . .        b - +0 scale mail
rPois   inf          (no helmet)
rElec   +            (no cloak)
rCorr   .            (no gloves)
SInv    .            (no boots)
Will    .....        (no amulet) Stlth
                     (no ring)
HPRegen 0.23/turn    (no ring)
MPRegen 0.08/turn

%: no passive effects
@: no status effects
A: sickness immunity, AC +3, negative energy resistance 1, electricity
resistance, torment resistance 1, petrification resistance
a: no special abilities


You were on level 2 of the Dungeon.
You visited 1 branch of the dungeon, and saw 2 of its levels.

You collected 41 gold pieces.


Innate Abilities, Weirdness & Mutations

You are immune to sickness and miasma.
Your stone body is resilient. (AC +3)
You are immune to poison.
You resist negative energy. (rN+)
You are resistant to electric shocks. (rElec)
You are resistant to unholy torment.
You are immune to petrification.


   Skills:
 - Level 3.2 Fighting
 + Level 3.4 Axes
 - Level 3.2 Armour
 - Level 3.2 Shields


You had 2 spell levels left.
You didn't know any spells.
Your spell library was empty.

Inventory:

Hand Weapons
 e - a +2 hand axe of holy wrath
 j - a +0 club
 Y - a +0 war axe (weapon)
Armour
 b - a +0 scale mail (worn)
 c - a +0 buckler (worn)
Potions
 d - a potion of might
 g - a potion of resistance {unknown}
 h - a potion of flight {unknown}
 i - a potion of heal wounds {unknown}

Dungeon Overview and Level Annotations

Branches:
Dungeon (2/15)

Altars:

Annotations:
D:2 Natasha


Message History

You feel stronger. x2
You start resting.
Natasha, Servant of Life and Death comes into view.
729 ||| Stepping ~*~*~tactically~*~*~ (hiding).
You start resting.
Natasha stares at you and mumbles some strange words.
The magic dart hits you.
732 ||| Stepping ~*~*~tactically~*~*~ (hiding).
Natasha barely misses you.
You closely miss Natasha. Natasha barely misses you. Natasha claws you!
You barely miss Natasha. Natasha closely misses you.
Natasha claws you but does no damage.
You barely miss Natasha.
You feel yourself speed up. Natasha claws you but does no damage.
You block Natasha's attack.
You hit Natasha.
Natasha is lightly wounded.
Natasha closely misses you.
You slash Natasha!
Natasha is almost dead.
Natasha casts a spell.
You miss Natasha.
Natasha is almost dead.
Natasha claws you.
The cerulean imp hits you but does no damage.
Natasha claws you but does no damage.
You barely miss Natasha.
Natasha is almost dead.
The cerulean imp barely misses you. You block Natasha's attack.
You miss Natasha.
Natasha is almost dead.
The cerulean imp hits you but does no damage.
Natasha claws you.
You miss Natasha.
Natasha is almost dead.
The cerulean imp hits you but does no damage.
Natasha claws you.
The cerulean imp hits you from afar with a +0 spear.
You die...

#######.#####.#
#.......#
#^#####)# #.#
#.#####.#
#.......#######
....#####......#
. ###.####.###..
#....@........
#.#.##h#.###..
#.#....5$# #
##...### #.#.#
....# #..### ..
..h


You could see Natasha and a cerulean imp (summoned).

Vanquished Creatures
  Natasha (D:2)
  A dart slug (D:1)
  A bat (D:1)
  An endoplasm (D:1)
  3 goblins
  A hobgoblin (D:1)
  2 ball pythons (D:1)
  A frilled lizard (D:1)
  2 rats (D:1)
13 creatures vanquished.

Notes
Turn   | Place    | Note
-------+----------+-------------------------------------------
     0 | D:1      | qw the Gargoyle Fighter began the quest for the Orb.
     0 | D:1      | Reached XP level 1. HP: 14/14 MP: 1/1
     0 | D:1      | 0 ||| qw: Version: 0.2-a-102-g2b76a06
     0 | D:1      | 0 ||| qw: Game counter: 421
     0 | D:1      | 0 ||| qw: Always use a shield: true
     0 | D:1      | 0 ||| qw: God list: Okawaru
     0 | D:1      | 0 ||| qw: Allow faded altars: false
     0 | D:1      | 0 ||| qw: Do Orc after D:15 true
     0 | D:1      | 0 ||| qw: Do second Lair branch before Depths: true
     0 | D:1      | 0 ||| qw: Lair rune preference: random
     0 | D:1      | 0 ||| qw: Plans: Normal, Zot:1-4, Slime:5, God:TSO, Crypt,
                  | Tomb, Pan, Hells, Abyss, Win
     0 | D:1      | 0 ||| PLANNING D:1-11
   394 | D:1      | Reached XP level 2. HP: 16/19 MP: 2/2
   415 | D:1      | 415 ||| Stepping ~*~*~tactically~*~*~ (stealth).
   648 | D:1      | 648 ||| READING scroll labelled XOAXEMUHEPP.
   649 | D:1      | 649 ||| READING scroll labelled DEASUO LEECWUT.
   680 | D:2      | 680 ||| Stepping ~*~*~tactically~*~*~ (stealth).
   706 | D:2      | Noticed Natasha
   714 | D:2      | Killed Natasha
   715 | D:2      | Reached skill level 3 in Axes
   715 | D:2      | Reached XP level 3. HP: 11/23 MP: 3/3
   728 | D:2      | Noticed Natasha
   729 | D:2      | 729 ||| Stepping ~*~*~tactically~*~*~ (hiding).
   732 | D:2      | 732 ||| Stepping ~*~*~tactically~*~*~ (hiding).
   739 | D:2      | HP: 3/23 [Natasha (6)]
   742 | D:2      | HP: 1/23 [Natasha (2)]
   742 | D:2      | Slain by a cerulean imp

Levels and vault maps discovered:
D:1:      dpeg_arrival_rooms_b, layout_basic
D:2:      layout_loops_cross, basic_altar, uniq_terence, uniq_sigmund,
          uniq_natasha

Skill      XL: |  1  2 |
---------------+-------+-----
Axes           | 2 3 |  3.4
Fighting       | |  3.2
Armour         | |  3.2
Shields        | |  3.2

Action                     || total
---------------------------++-------
  Melee: War axe           ||    45
    Use: Scroll            ||     2
 Armour: Scale mail        ||    20
  Dodge: Dodged            ||    17
  Block: Buckler           ||     8

Table legend:
 A = Non-vault XP
 B = Vault XP
 C = Vault XP percentage of total XP
 D = Non-vault monster count
 E = Vault monster count
 F = Vault count percentage of total count
                 A         B        C        D         E       F
            +---------+---------+-------+---------+---------+-------
      Total |      21 |      35 |  62.5 |      12 |       1 |   7.7
            +---------+---------+-------+---------+---------+-------
        D:1 |      19 |       0 |   0.0 |      11 |       0 |   0.0
        D:2 |       2 |      35 |  94.6 |       1 |       1 |  50.0
            +---------+---------+-------+---------+---------+-------
